 Dungeon Crawl Stone Soup version 0.27-a0-931-g5a74e75d8f (webtiles) character file.

Game seed: 11788724666722356950

11 Alarkh the Insei (level 2, 22/22 HPs)
             Began as a Demonspawn Gladiator on Apr 10, 2021.
             Got out of the dungeon alive.
             The game lasted 00:00:27 (444 turns).

Alarkh the Insei (Demonspawn Gladiator)              Turns: 444, Time: 00:00:27

Health: 22/22      AC:  6    Str: 14    XL:     2   Next: 13%
Magic:  2/2        EV: 12    Int:  9    God:
Gold:   27         SH:  0    Dex: 14    Spells: 1/1 levels left

rFire    . . .     SeeInvis .     - Unarmed
rCold    . . .     Faith    .   (no shield)
rNeg     . . .     Spirit   .   a - +0 leather armour
rPois    .         Reflect  .   b - +0 helmet
rElec    .         Harm     .   (no cloak)
rCorr    .         Rampage  .   (no gloves)
Will     .....                  (no boots)
Stlth    +.........             (no amulet)
HPRegen  0.07/turn              (no ring)
MPRegen  0.08/turn              (no ring)

@: no status effects
A: molten scales 1
a: no special abilities


You escaped.
You visited 1 branch of the dungeon, and saw 1 of its levels.

You collected 27 gold pieces.

Inventory:

Missiles
 c - 3 throwing nets (quivered)
Armour
 a - a +0 leather armour (worn)
 b - a +0 helmet (worn)


   Skills:
 + Level 2.3 Fighting
 - Level 1.7 Throwing
 - Level 2.6 Dodging
 * Level 3.1 Unarmed Combat


You had one spell level left.
You didn't know any spells.
Your spell library was empty.

Dungeon Overview and Level Annotations

Branches:
Dungeon (1/15)

Altars:


Innate Abilities, Weirdness & Mutations

You are partially covered in molten scales. (AC +2)


Message History

You kill the hobgoblin!
The quokka bites you.
You have reached level 2!
Your demonic ancestry asserts itself...
Molten scales grow over part of your body.
The quokka closely misses you.
There is an open door here.
You hit the quokka.
The quokka is heavily wounded.
The quokka closely misses you.
You hit the quokka.
You kill the quokka!
You hit the endoplasm.
The endoplasm is lightly wounded.
The endoplasm misses you.
You hit the endoplasm.
The endoplasm is almost dead.
The endoplasm hits you.
You hit the endoplasm but do no damage.
The endoplasm is almost dead.
You hit the endoplasm.
You kill the endoplasm!
No target in view!
No target in view!
No target in view!
No target in view!
No target in view!
No target in view!
No target in view!
No target in view!
No target in view!
Unknown command.
Unknown command.
You see here a hobgoblin corpse.
You see here a rat corpse.
You see here 6 boomerangs.
You see here a hobgoblin skeleton.
There is a staircase leading out of the dungeon here.
Are you sure you want to leave the Dungeon?
This will make you lose the game!
You have escaped!

..≈≈≈.≈≈≈≈≈≈♣≈≈#†#
.≈≈≈♣♣
#≈≈≈≈≈≈≈≈≈≈♣♣###.######♣
♣≈≈≈P ##≈≈≈≈♣P≈P≈≈#
#.......♣ ♣≈≈≈
##♣♣♣♣♣♣♣♣## ####.####
♣≈≈ #.# #.#
#.######.######
#..............
################## ##@#
##..# #...# ##...###
#.....∩# ###########
##......# #..........
#∩.....## #.#########
#∩.....## #.#
###∩.....∩# #.#


There were no monsters in sight!

Vanquished Creatures
  An endoplasm (D:1)
  A giant cockroach (D:1)
  3 hobgoblins (D:1)
  A quokka (D:1)
  A ball python (D:1)
  A frilled lizard (D:1)
  2 rats (D:1)
10 creatures vanquished.

Notes
Turn   | Place    | Note
-------+----------+-------------------------------------------
     0 | D:1      | Alarkh the Demonspawn Gladiator began the quest for the
                  | Orb.
     0 | D:1      | Reached XP level 1. HP: 16/16 MP: 1/1
   217 | D:1      | Reached skill level 3 in Unarmed Combat
   315 | D:1      | Gained mutation: You are partially covered in molten
                  | scales. (AC +2) [demonic ancestry]
   315 | D:1      | Reached XP level 2. HP: 16/22 MP: 2/2
   444 | D:$      | Got out of the dungeon alive.

Illustrated notes

Levels and vault maps discovered:
D:1:      amcnicky_arrival_abandoned_market, layout_basic,
          ebering_ecumenical_altar_abandoned, serial_bayou_ford_a,
          dk_noncrumbling_4, wad_woods_river_04

Skill      XL: |  1 |
---------------+----+-----
Unarmed Combat | 3 |  3.1
Fighting       | |  2.3
Throwing       | |  1.7
Dodging        | |  2.6

Action                   || total
-------------------------++-------
Melee: Unarmed           ||    40
Armor: Leather armour    ||     7
Dodge: Dodged            ||    35

Table legend: (Time is in decaauts)
 A = Elapsed time spent in this place.
 B = Non-inter-level travel time spent in this place.
 C = Inter-level travel time spent in this place.
 D = Time resting spent in this place.
 E = Time spent auto-exploring this place.
 F = Levels seen in this place.
 G = Mean time per level.
                   A        B        C        D        E       F      G
               +--------+--------+--------+--------+--------+-----+--------+
         Total |    444 |    325 |    119 |     60 |    179 |   1 |  444.0 |
       Dungeon |    444 |    325 |    119 |     60 |    179 |   1 |  444.0 |
               +--------+--------+--------+--------+--------+-----+--------+

Top non-repeatable levels by time:
     D:1: 444 daAuts
